 Dungeon Crawl Stone Soup version 0.25-a0-565-g8875c97ebb (webtiles) character file.

Game seed: 17180242595933056253, levelgen mode: deterministic

6154 Flugslaktarn the Cleaver (level 10, -9/147 HPs)
             Began as a Deep Dwarf Fighter on Feb 26, 2020.
             Was a Believer of Makhleb.
             Mangled by a death yak (10 damage)
             ... on level 9 of the Dungeon.
             The game lasted 00:04:39 (4935 turns).

Flugslaktarn the Cleaver (Deep Dwarf Fighter)       Turns: 4935, Time: 00:04:40

Health: -9/147     AC: 25    Str: 23    XL:     10   Next: 59%
Magic:  0/0        EV:  2    Int:  9    God:    Makhleb [**....]
Gold:   340        SH:  0    Dex: 12    Spells: 9/9 levels left

rFire    . . .     SeeInvis .   a - +0 war axe
rCold    . . .     Gourm    .   (no shield)
rNeg     + + +     Faith    .   (armour currently unavailable)
rPois    +         Spirit   .   (helmet currently unavailable)
rElec    .         Reflect  .   (cloak currently unavailable)
rCorr    .         Harm     .   (gloves currently unavailable)
MR       +....     NoTele   +   (boots currently unavailable)
Stlth    +.........             (no amulet)
HPRegen  0.00/turn              (no ring)
MPRegen  0.07/turn              (no ring)

@: mighty, tree-form, non-regenerating
A: damage resistance, heal wounds, sense surroundings 2, no regeneration
a: Heal Wounds, Minor Destruction, Renounce Religion


You were on level 9 of the Dungeon.
You worshipped Makhleb.
Makhleb was pleased with you.
You were hungry.
You were a tree.
You visited 2 branches of the dungeon, and saw 11 of its levels.

You collected 482 gold pieces.
You spent 142 gold pieces at shops.

Inventory:

Hand Weapons
 a - a +0 war axe (weapon)
Missiles
 s - 2 throwing nets (quivered)
Armour
 b - a +0 scale mail (melded)
 m - a +0 pair of boots (melded)
   (You found it on level 6 of the Dungeon)
 p - a +1 cloak (melded)
   (You took it off Crazy Yiuf on level 4 of the Dungeon)
Wands
 h - a wand of enslavement (4)
   (You found it on level 9 of the Dungeon)
 v - a wand of digging (5)
   (You took it off Natasha on level 4 of the Dungeon)
Scrolls
 c - a scroll of fear
 i - 2 scrolls of enchant weapon
 n - a scroll of fog
 w - a scroll of remove curse
 y - a scroll of magic mapping
Potions
 d - a potion of might
 f - 2 potions of brilliance
 g - a potion of berserk rage {unknown}
 k - a potion of lignification
 l - a potion of invisibility
 q - 5 potions of curing
Comestibles
 e - 14 rations


   Skills:
 * Level 8.8 Fighting
 * Level 10.2 Axes
 + Level 7.7 Armour
   Level 7.1 Shields
 + Level 5.8 Invocations


You had 9 spell levels left.
You didn't know any spells.
Your spell library was empty.

Dungeon Overview and Level Annotations

Branches:
Dungeon (10/15)            Temple (1/1) D:5
   Lair: D:8-11         Orc: D:9-12

Altars:
Ashenzari
Cheibriados
Dithmenos
Elyvilon
Fedhas
Gozag
Hepliaklqana
Makhleb
Nemelex Xobeh
Okawaru
Qazlal
Ru
Sif Muna
Trog
Uskayaw
Wu Jian
Xom
Yredelemnul
Zin
The Shining One

Shops:
D:4 !*(*   D:9 [*?=

Annotations:
D:8 1 runed translucent door, Subbak's ghost, novice FoEE


Innate Abilities, Weirdness & Mutations

You are resistant to damage.
You can heal yourself by infusing magical energy.
You passively map the area around you.
You do not regenerate.


Message History

The death yak is moderately wounded.
The death yak gores you!
* * * LOW HITPOINT WARNING * * *
You hit the death yak but do no damage.
The death yak is moderately wounded.
The death yak gores you but does no damage.
You completely miss the death yak.
The death yak is moderately wounded.
The death yak gores you but does no damage.
You slice the death yak!!
The death yak is severely wounded.
The death yak completely misses you.
You hit the death yak.
The death yak is severely wounded.
The death yak gores you!
* * * LOW HITPOINT WARNING * * *
You slash the death yak!
The death yak is almost dead.
The death yak gores you!
You die...

####...........##....#.#.........
#.8.∩.8..............##........##
#.##.#........>......#.........##
#.##8..................##........
#.#.....#.##..##..#...####..##...
#.......#.....###<##..#.....#####
#######.........####........##
#............#..###....####
###.#.#...♣.....####.......
###.#...Y.......#........
###.....##.............
###...#....#.........
##.......####...... #....####
#....... #....# ##...... ###..##
#....). #.....# ###....#


You could see a death yak.

Vanquished Creatures
  A two-headed ogre (D:9)
  Pikel (D:9)
  An ugly thing (D:10)
  Maggie (D:7)
  6 yaks
  A porcupine (D:10)
  2 water moccasins
  A black bear (D:8)
  2 orc warriors
  2 phantoms
  5 centaurs
  5 ogres
  A crocodile (D:8)
  A big kobold (D:7)
  8 bullfrogs
  A water moccasin zombie (D:7)
  3 wights (D:6)
  A centaur zombie (D:9)
  A crimson imp (D:8)
  4 hounds
  2 quasits (D:5)
  A bullfrog skeleton (D:6)
  4 orc priests
  Crazy Yiuf (D:4)
  2 centaur skeletons
  5 orc wizards
  4 iguanas
  Natasha (thrice) (D:4)
  5 worker ants
  A hound zombie (D:7)
  8 gnolls
  4 adders
  3 shadow imps
  An ooze (D:3)
  An adder skeleton (D:4)
  2 adder zombies
  2 worms
  A dart slug (D:5)
  7 leopard geckos
  33 orcs
  A ball python (D:2)
  3 bats
  5 giant cockroaches
  2 goblins (D:2)
  4 hobgoblins
  6 jackals
  5 kobolds
  5 quokkas
  A ball python skeleton (D:4)
  6 frilled lizards
  A giant cockroach zombie (D:6)
  2 leopard gecko skeletons
  A quokka zombie (D:10)
  5 rats
185 creatures vanquished.

Vanquished Creatures (others)
  2 slaves (D:9)
  A worker ant (D:9)
3 creatures vanquished.

Grand Total: 188 creatures vanquished

Notes
Turn   | Place    | Note
-------+----------+-------------------------------------------
     0 | D:1      | Flugslaktarn the Deep Dwarf Fighter began the quest for the
                  | Orb.
     0 | D:1      | Reached XP level 1. HP: 20/20 MP: 1/1
    74 | D:2      | Reached XP level 2. HP: 27/27 MP: 2/2
   182 | D:2      | Found a bloodstained altar of Trog.
   183 | D:2      | Found an iron altar of Okawaru.
   233 | D:2      | Reached XP level 3. HP: 31/34 MP: 3/3
   301 | D:3      | Reached skill level 3 in Axes
   575 | D:4      | Found Ozehov's Distillery.
   577 | D:4      | Noticed a phantom
   605 | D:4      | Killed a phantom
   605 | D:4      | Reached XP level 4. HP: 27/44 MP: 4/4
   605 | D:4      | Reached XP level 5. HP: 31/50 MP: 5/5
   651 | D:4      | Found an opulent altar of Gozag.
   666 | D:4      | Reached skill level 4 in Axes
   683 | D:4      | Found Gozag's Platinum Reserve.
   707 | D:4      | Found Gabiadd's Assorted Antiques.
   747 | D:4      | You fall into a shaft and drop 3 floors!
   747 | D:7      | Found a glowing silver altar of Zin.
   747 | D:7      | Found a glowing golden altar of the Shining One.
   773 | D:7      | Reached XP level 6. HP: 53/57 MP: 5/5
   800 | D:7      | Noticed Maggie
   822 | D:7      | Killed Maggie
   822 | D:7      | Reached skill level 5 in Axes
   822 | D:7      | Reached XP level 7. HP: 35/66 MP: 6/6
   922 | D:6      | Reached skill level 5 in Fighting
   978 | D:5      | Entered Level 5 of the Dungeon
  1019 | D:5      | Reached skill level 5 in Shields
  1152 | D:4      | Reached skill level 5 in Armour
  1203 | D:4      | Reached skill level 6 in Axes
  1240 | D:4      | Found a stormy altar of Qazlal.
  1302 | D:4      | Found a runed translucent door.
  1303 | D:4      | Noticed Crazy Yiuf
  1339 | D:4      | Reached XP level 8. HP: 40/75 MP: 5/5
  1434 | D:4      | Noticed Natasha
  1445 | D:4      | Killed Natasha
  1488 | D:4      | Noticed Natasha
  1493 | D:4      | Killed Natasha
  1511 | D:4      | Noticed Natasha
  1516 | D:4      | Killed Natasha
  1586 | D:4      | Found Bicouseo's Weapon Boutique.
  1734 | D:4      | Killed Crazy Yiuf
  1816 | D:5      | Found a bloodstained altar of Trog.
  2084 | D:5      | Reached skill level 7 in Axes
  2085 | D:5      | Found a staircase to the Ecumenical Temple.
  2105 | Temple   | Entered the Ecumenical Temple
  2495 | D:6      | Found a burning altar of Makhleb.
  2543 | D:6      | Became a worshipper of Makhleb the Destroyer
  2582 | D:6      | Reached skill level 1 in Invocations
  2802 | D:6      | Gained mutation: You passively map the area around you.
                  | [Deep Dwarf growth]
  2802 | D:6      | Reached XP level 9. HP: 72/85 MP: 6/6
  2916 | D:7      | Reached * piety under Makhleb
  3145 | D:7      | Reached skill level 8 in Axes
  3374 | D:8      | Found a runed translucent door.
  3374 | D:8      | Noticed Subbak's ghost (novice FoEE)
  4141 | D:8      | Reached skill level 9 in Axes
  4176 | D:9      | Reached ** piety under Makhleb
  4176 | D:9      | Reached XP level 10. HP: 88/96 MP: 5/5
  4187 | D:9      | Found Zaiqakur's General Store.
  4210 | D:9      | Noticed a two-headed ogre
  4210 | D:9      | Noticed Pikel
  4246 | D:9      | Killed Pikel
  4258 | D:9      | Killed a two-headed ogre
  4258 | D:9      | Reached skill level 5 in Invocations
  4263 | D:9      | Found Ewottiqa's Magic Scroll Boutique.
  4266 | D:9      | Bought a scroll of fear for 45 gold pieces
  4266 | D:9      | Bought a scroll of enchant weapon for 97 gold pieces
  4382 | D:9      | You fall into a shaft and drop 1 floor!
  4382 | D:10     | Entered Level 10 of the Dungeon
  4446 | D:10     | Noticed a death yak
  4450 | D:10     | Noticed a death yak
  4452 | D:10     | Noticed a death yak
  4456 | D:10     | Reached skill level 10 in Axes
  4457 | D:10     | HP: 3/98 [death yak (17)]
  4507 | D:10     | Noticed a brown ugly thing
  4528 | D:10     | Killed a brown ugly thing
  4638 | D:9      | Found Jenasesm's Jewellery Shoppe.
  4754 | D:9      | Found Guqaj's Antique Armour Emporium.
  4800 | D:9      | Found a hazy altar of Hepliaklqana.
  4930 | D:9      | HP: 6/147 [death yak (6)]
  4934 | D:9      | HP: 1/147 [death yak (5)]
  4935 | D:9      | Mangled by a death yak

Levels and vault maps discovered:
D:1:      ncdulo_halloftheorcs, layout_rooms
D:2:      layout_basic, chequers_temple_overflow_statue_of_worship,
          lemuel_zombie_altar_kikubaaqudgha, first_ration
D:3:      layout_basic, overflow_temple_1_default
D:4:      layout_loops_ring, grunt_qazlal_clouds,
          nicolae_gozag_zags_fifth_avenue, serial_shops, shop,
          nicolae_shop_trees, shop, uniq_natasha, uniq_crazy_yiuf_cottage
D:5:      layout_layer_cave, minmay_temple_entry_proselytizer, basic_altar
D:6:      layout_basic, kennysheep_little_box, gup_sewer_entry_bowl,
          lemuel_flamethrower_1
D:7:      layout_rooms, grunt_temple_overflow_open, uniq_maggie
D:8:      layout_basic, hellmonk_ghost_happy_afterlife
D:9:      layout_cave_pools, kennysheep_mini, serial_shops,
          nicolae_shop_statue_plus, shop, nicolae_shop_crystal,
          nicolae_shop_behind_doors, uniq_pikel
D:10:     layout_rooms, dpeg_lair_monsters
Temple:   nicolae_temple_hex_pool

Skill      XL: |  1  2  3  4  5  6  7  8  9 10 |
---------------+-------------------------------+-----
Fighting       | 3 4 5 6 7 8 |  8.8
Axes           | 3 4 5 6 7 9 10 | 10.2
Shields        | 4 5 6 7 |  7.1
Armour         | 4 5 6 7 |  7.7
Invocations    | 2 4 5 |  5.8

Action                   |  1- 3 |  4- 6 |  7- 9 | 10-12 || total
-------------------------+-------+-------+-------+-------++-------
Melee: War axe           |   124 |    73 |   420 |   135 ||   752
 Abil: Heal Wounds       |       |     5 |    20 |    15 ||    40
  Use: Scroll            |       |       |       |    13 ||    13
       Potion            |       |       |       |     3 ||     3
  Eat: Chunk             |       |       |    12 |     2 ||    14
Armor: Scale mail        |    65 |    38 |   236 |    91 ||   430
       Skin              |       |       |       |     3 ||     3
Dodge: Dodged            |    37 |    24 |   139 |    81 ||   281
Block: Kite shield       |    70 |    32 |   117 |       ||   219
       Tower shield      |       |       |   278 |     3 ||   281

Table legend:
 A = Non-vault XP
 B = Vault XP
 C = Vault XP percentage of total XP
 D = Non-vault monster count
 E = Vault monster count
 F = Vault count percentage of total count
                 A         B        C        D         E       F
            +---------+---------+-------+---------+---------+-------
      Total |    7504 |    1288 |  14.6 |     171 |      15 |   8.1
            +---------+---------+-------+---------+---------+-------
        D:1 |       9 |       0 |   0.0 |       5 |       0 |   0.0
        D:2 |      35 |       0 |   0.0 |      13 |       0 |   0.0
        D:3 |      32 |       0 |   0.0 |      14 |       0 |   0.0
        D:4 |     796 |      75 |   8.6 |      29 |       2 |   6.5
        D:5 |     398 |      41 |   9.3 |       9 |       1 |  10.0
        D:6 |     976 |      10 |   1.0 |      26 |       4 |  13.3
        D:7 |     644 |     398 |  38.2 |      17 |       1 |   5.6
        D:8 |    1675 |       0 |   0.0 |      19 |       0 |   0.0
        D:9 |    1799 |     607 |  25.2 |      25 |       1 |   3.8
       D:10 |    1140 |     157 |  12.1 |      14 |       6 |  30.0
            +---------+---------+-------+---------+---------+-------
